 Dungeon Crawl Stone Soup version 0.30-a0-352-g1e81539 (webtiles) character file.

Game seed: 17436266943855181705

97 Dorkslayer the Sneak (level 4, -16/30 HPs)
             Began as an Octopode Brigand on Nov 6, 2022.
             Demolished by an ogre
             ... wielding a +0 giant club
              (30 damage)
             ... on level 3 of the Dungeon.
             The game lasted 00:04:10 (1645 turns).

Dorkslayer the Sneak (Octopode Brigand)             Turns: 1645, Time: 00:04:11

Health: -16/30     AC:  2    Str: 10    XL:     4   Next: 68%
Magic:  5/5        EV: 12    Int: 13    God:
Gold:   164        SH:  0    Dex: 15    Spells: 5/5 levels left

rFire   . . .      SeeInvis .    a - +2 dagger
rCold   . . .      Faith    .    (no shield)
rNeg    . . .      Spirit   .    l - +1 hat
rPois   .          Reflect  .    d - amulet of regeneration
rElec   .          Harm     .    (no ring)
rCorr   .          Rampage  .    (no ring)
Will    .....                    (no ring)
Stlth   +++++.....               (no ring)
HPRegen 1.05/turn                (no ring)
MPRegen 0.09/turn                (no ring)
                                 (no ring)
                                 (no ring)

@: no status effects
A: almost no armour, amphibious, 8 rings, camouflage 1, gelatinous body 1,
(nimble swimmer 1), tentacles
a: no special abilities


You were on level 3 of the Dungeon.
You visited 1 branch of the dungeon, and saw 3 of its levels.

You collected 164 gold pieces.

Inventory:

Hand Weapons
 a - a +2 dagger (weapon)
Missiles
 b - 9 poisoned darts (quivered)
 h - 6 boomerangs
Armour
 l - a +1 hat (worn)
Jewellery
 d - an amulet of regeneration (around mantle)
Scrolls
 e - a scroll of amnesia {unknown}
 f - a scroll of vulnerability {unknown}
Potions
 g - a potion of mutation
 j - a potion of berserk rage {unknown}
 k - 4 potions of curing
 m - a potion of might {unknown}
 n - a potion of ambrosia {unknown}


   Skills:
 + Level 2.3 Fighting
 + Level 2.4 Short Blades
 + Level 2.1 Throwing
 + Level 1.0 Dodging
 + Level 7.1 Stealth
 * Level 1.1 Spellcasting


You had 5 spell levels left.
You didn't know any spells.
Your spell library contained the following spells:

 Spells                   Type           Power      Damage    Failure   Level
 Slow                     Hex            0%         N/A       28%         1
 Confusing Touch          Hex            0%         N/A       63%         3
 Kindle Blastsparks       Fire/Tloc/Air  0%         2d10      63%         3
 Vampiric Draining        Necr           0%         2d6       63%         3
 Fulminant Prism          Conj/Hex       0%         3d5       95%         4
 Iskenderun's Mystic Bla  Conj/Tloc      0%         2d3       95%         4
 Lee's Rapid Deconstruct  Erth           0%         3d4*      100%        5


Dungeon Overview and Level Annotations

Branches:
Dungeon (3/15)

Altars:
Fedhas


Innate Abilities, Weirdness & Mutations

You cannot wear most types of armour.
You are amphibious.
You can wear up to eight rings at the same time.
Your skin changes colour to match your surroundings (Stealth+).
Your rubbery body absorbs attacks. (AC +1, EV +1)
((You are camouflaged when in or above water. (Stealth+)))
You have tentacles for arms and can constrict up to eight enemies at once.


Message History

You kill the hobgoblin!
The rat closely misses you.
You completely miss the rat. You grab the rat. You constrict the rat.
You kill the rat!
Things that are here:
a +0 dagger; a kobold corpse
There is a stone staircase leading up here.
f - a scroll labelled SAROLI GOSONU An endoplasm comes into view.
Found 3 gold pieces.
Found a potion of curing.
The helpless endoplasm fails to defend itself.
You impale the endoplasm!!
You kill the endoplasm!
You now have 164 gold pieces (gained 3).
k - 4 potions of curing (gained 1)
Found 6 stones.
You see here 6 stones.
Found a stone staircase leading up and a stone staircase leading down.
A ball python comes into view.
An ogre comes into view. It is wielding a +0 giant club.
The ogre shouts!
Throw: dart (curare)
Press: ? - help, Q - select action, (/) - cycle Shift-Dir - straight line, f - ogre
Aim: an ogre, wielding a +0 giant club (75% to hit)
You throw a curare-tipped dart. The curare-tipped dart hits the ogre.
The ogre is poisoned.
The ogre convulses.
The ogre seems to slow down.
The ogre is moderately wounded.
You hit the ogre.
The ogre is heavily wounded.
The ogre hits you with a +0 giant club!!
Ouch! That really hurt!
You hit the ogre. Your squeeze misses the ogre.
The ogre is heavily wounded.
You hit the ogre.
The ogre is severely wounded.
The ogre hits you with a +0 giant club!!
Ouch! That really hurt!
You die...

.........#######
...#####.........#.
.#.# #.#######...
.#.# #..........#
##.# #.#######..#
##.#####.# #..#
.........# #..#
..#####.##
#####..###### ..#
#.# #....@O......
.<# #.#
#.###..###### ..#
#.# #.# #..# ..# #.#
#.# #..# ..# #.# #.#
#..# .)#
#.####.###>.#
..#####(........<...
....................
#.#########.#.#.....


You could see an ogre (very poisoned, slow).

Vanquished Creatures
  A gnoll (D:1)
  4 adders (D:2)
  4 ball pythons
  10 endoplasms
  2 giant cockroaches (D:1)
  3 goblins
  6 hobgoblins
  6 kobolds
  A quokka (D:1)
  3 bats
  3 frilled lizards
  4 rats
47 creatures vanquished.

Notes
Turn   | Place    | Note
-------+----------+-------------------------------------------
     0 | D:1      | Dorkslayer the Octopode Brigand began the quest for the
                  | Orb.
     0 | D:1      | Reached XP level 1. HP: 14/14 MP: 1/1
   274 | D:1      | Reached XP level 2. HP: 19/19 MP: 2/2
   510 | D:1      | Reached skill level 6 in Stealth
   766 | D:1      | Reached XP level 3. HP: 24/24 MP: 4/4
  1164 | D:2      | Reached XP level 4. HP: 26/29 MP: 5/5
  1277 | D:2      | Found a blossoming altar of Fedhas.
  1318 | D:2      | Reached skill level 1 in Spellcasting
  1332 | D:2      | Reached skill level 7 in Stealth
  1637 | D:3      | Noticed an ogre
  1645 | D:3      | Demolished by an ogre

Illustrated notes

Levels and vault maps discovered:
D:1:      psy_arrival_radial02, layout_basic, st_stairs_9
D:2:      layout_basic, basic_altar
D:3:      layout_loops_ring, amcnicky_altar_gilded, serial_shops,
          nicolae_shop_advertising_works [nicolae_subvault_shop_adworks],
          kennysheep_generic_room_15

Skill      XL: |  1  2  3  4 |
---------------+-------------+-----
Stealth        | 6 7 |  7.1
Spellcasting   | 1 |  1.1
Fighting       | |  2.3
Short Blades   | |  2.4
Throwing       | |  2.1
Dodging        | |  1.0

Action                   |  1- 3 |  4- 6 || total
-------------------------+-------+-------++-------
Melee: Dagger            |    58 |    27 ||    85
       Constrict         |     9 |     2 ||    11
       Tentacles         |     7 |     4 ||    11
Throw: Dart              |     3 |     1 ||     4
  Use: Scroll            |       |     4 ||     4
 Stab: Sleeping          |    11 |     6 ||    17
Armor: Skin              |     2 |       ||     2
Dodge: Dodged            |    27 |    11 ||    38

Table legend: (Time is in decaauts)
 A = Elapsed time spent in this place.
 B = Non-inter-level travel time spent in this place.
 C = Inter-level travel time spent in this place.
 D = Time resting spent in this place.
 E = Time spent auto-exploring this place.
 F = Levels seen in this place.
 G = Mean time per level.
                   A        B        C        D        E       F      G
               +--------+--------+--------+--------+--------+-----+--------+
         Total |   1634 |   1634 |      0 |    103 |    937 |   3 |  544.7 |
       Dungeon |   1634 |   1634 |      0 |    103 |    937 |   3 |  544.7 |
               +--------+--------+--------+--------+--------+-----+--------+

Top non-repeatable levels by time:
     D:1: 993 daAuts
     D:2: 555 daAuts
     D:3: 86 daAuts
